 Dungeon Crawl Stone Soup version 0.17.1-2-g5865329 (webtiles) character file.

52 xeno23 the Charmwright (level 3, -2/25 HPs)
             Began as a High Elf Skald on Jan 29, 2016.
             Killed from afar by a goblin (4 damage)
             ... with a wand of flame
             ... on level 3 of the Dungeon.
             The game lasted 00:04:17 (1433 turns).

xeno23 the Charmwright (High Elf Skald)             Turns: 1433, Time: 00:04:17

Health: -2/25      AC:  6    Str: 12    XL:     3   Next: 60%
Magic:  7/8        EV: 11    Int: 15    God:
Gold:   162        SH:  0    Dex: 15    Spells: 1 memorised, 6 levels left

rFire  . . .     SeeInvis .     a - +0 falchion
rCold  . . .     Clarity  .     j - +0 ring mail
rNeg   . . .     SustAt   .     (no shield)
rPois  .         Gourm    .     i - +0 helmet
rElec  .         Spirit   .     (no cloak)
rCorr  .         Warding  .     (no gloves)
rMut   .         Stasis   .     (no boots)
MR     .....                    (no amulet)
Stlth  ..........               (no ring)
                                p - ring of loudness (curse)

@: infused, not resistant to hostile enchantments, extremely unstealthy
A: no striking features
a: no special abilities


You were on level 3 of the Dungeon.
You were not hungry.

You visited 1 branch of the dungeon, and saw 3 of its levels.

You collected 162 gold pieces.

Inventory:

Hand Weapons
 a - a +0 falchion (weapon)
Armour
 i - a +0 helmet (worn)
 j - a +0 ring mail (worn)
 q - a +0 scale mail
Jewellery
 p - a cursed ring of loudness (left hand)
 v - a +5 ring of evasion {unknown}
Wands
 n - a wand of polymorph (6)
 s - a wand of flame (21)
Scrolls
 b - a scroll of random uselessness {unknown}
 e - a scroll of teleportation {unknown}
 l - 2 scrolls of identify {unknown}
 t - a scroll of enchant weapon {unknown}
 u - a scroll of enchant armour {unknown}
Potions
 f - 4 potions of curing {unknown}
 g - 2 potions of invisibility {unknown}
 k - a potion of might {unknown}
 o - a potion of heal wounds {unknown}
Books
 c - a book of Battle

   Spells                             Type                      Level
   a - Infusion                       Charms                       1
   b - Shroud of Golubria             Charms/Translocation         2
   c - Song of Slaying                Charms                       2
   d - Spectral Weapon                Hexes/Charms                 3
   e - Regeneration                   Charms/Necromancy            3
Comestibles
 d - 2 bread rations
 h - a meat ration
 m - 2 beef jerkies
 r - a chunk of flesh


   Skills:
 + Level 2.3 Fighting
 * Level 3.2 Long Blades
 + Level 1.5 Armour
 + Level 1.7 Dodging
 + Level 2.8 Spellcasting
 + Level 3.9 Charms


You had 6 spell levels left.
You knew the following spells:

 Your Spells              Type           Power        Failure   Level  Hunger
a - Infusion              Chrm           ##....       12%         1    #......


Dungeon Overview and Level Annotations

Branches:
Dungeon (3/15)

Altars:
Xom


Message History

You take 7 damage.
The goblin zaps a wand.
The puff of flame hits you!
You take 6 damage.
The goblin zaps a wand.
The puff of flame hits you!
* * * LOW HITPOINT WARNING * * *
You take 6 damage.
You are too injured to fight recklessly!
You are too injured to fight recklessly!
You are too injured to fight recklessly!
You are too injured to fight recklessly!
The goblin zaps a wand.
The puff of flame hits you!
* * * LOW HITPOINT WARNING * * *
You take 3 damage.
You barely miss the goblin. The goblin hits you with a short sword.
* * * LOW HITPOINT WARNING * * *
Casting: Infusion
Confirm with . or Enter, or press ? or * to list all spells.
You begin infusing your attacks with magical energy.
The goblin zaps a wand.
The puff of flame hits you!
You die...

#. #### #.# #...
###...#### ###.#.
#.....g@.####### ##.....
#....###.......###...###
#.. #............<# # ..
##......#.##### # ##.#
##..#.#..# #
#............## #
...####.#.### #
#.###..#.# ## #.....##.#
##.


You could see a goblin.

Vanquished Creatures
  An adder (D:2)
  An ooze (D:1)
  2 worms (D:2)
  A giant gecko (D:2)
  2 orcs
  4 bats
  5 giant cockroaches
  5 goblins
  3 hobgoblins (D:1)
  2 giant newts
  4 rats (D:2)
30 creatures vanquished.

Notes
Turn   | Place    | Note
--------------------------------------------------------------
     0 | D:1      | xeno23 the High Elf Skald began the quest for the Orb.
     0 | D:1      | Reached XP level 1. HP: 14/14 MP: 4/4
   435 | D:1      | Reached skill level 1 in Armour
   435 | D:1      | Reached XP level 2. HP: 13/19 MP: 0/6
   853 | D:2      | Reached XP level 3. HP: 24/24 MP: 7/7
  1072 | D:2      | Found a shimmering altar of Xom.
  1433 | D:3      | Killed from afar by a goblin

Action                   || total
-------------------------++-------
Melee: Falchion          ||   111
 Cast: Infusion          ||    11
  Eat: Chunk             ||     2
